TOP OF THE 1ST |
Colorado Commanders batting - Pitching for Salem Sledgehammers : RHP Will Robinson
|
Pitching: RHP Will Robinson
|
|
Batting: SHB Ángel Díaz
|
0-0: Foul Ball, location: 2F 0-1: Ball 1-1: Called Strike 1-2: Ball 2-2: Ball 3-2: Foul Ball, location: 2F 3-2: Base on Balls
|
Batting: RHB Frank Martínez
|
0-0: Ball 1-0: Ground out 4-3 (Groundball, 4MD) Ángel Díaz to second
|
Batting: RHB Félix Campos
|
0-0: Ball 1-0: Swinging Strike 1-1: Swinging Strike 1-2: Strikes out swinging
|
Batting: RHB Alberto Soto
|
0-0: SINGLE (Groundball, 4M) (infield hit) Ángel Díaz to third
|
Batting: RHB Carl O'Dell
|
0-0: Ball 1-0: Called Strike 1-1: Called Strike 1-2: Fielders Choice at 2nd, 4-6 (Groundball, 4)
|
Top of the 1st over - 0 run(s), 1 hit(s), 0 error(s), 1 left on base; Colorado 0 - Salem 0 |
BOTTOM OF THE 1ST |
Salem Sledgehammers batting - Pitching for Colorado Commanders : RHP Héctor Rodríguez
|
Pitching: RHP Héctor Rodríguez
|
|
Batting: RHB Ben Simpson
|
0-0: Called Strike 0-1: Swinging Strike 0-2: Foul Ball, location: 2F 0-2: Ball 1-2: Ball 2-2: Foul Ball, location: 2F 2-2: Strikes out swinging passed ball, reaches first!
|
Batting: RHB Kenny Pruitt
|
0-0: Called Strike Ben Simpson steals 2nd base 0-1: Fly out, F7 (Line Drive, 7)
|
Batting: LHB Walt Brown
|
0-0: Fly out, F7 (Flyball, 7LS)
|
Batting: RHB Donovan James
|
0-0: Ball 1-0: Swinging Strike 1-1: Ball 2-1: Called Strike 2-2: Ground out 4-3 (Groundball, 4)
|
Bottom of the 1st over - 0 run(s), 0 hit(s), 0 error(s), 1 left on base; Colorado 0 - Salem 0 |
TOP OF THE 2ND |
Colorado Commanders batting - Pitching for Salem Sledgehammers : RHP Will Robinson
|
Batting: RHB Kyle Vélez
|
0-0: Ball 1-0: Swinging Strike 1-1: Swinging Strike 1-2: Foul Ball, location: 2F 1-2: Ball 2-2: SINGLE (Line Drive, 8RS)
|
Batting: RHB Nick Vogel
|
0-0: Ball 1-0: Called Strike 1-1: Foul Ball, location: 2F 1-2: Ball 2-2: Foul Ball, location: 2F 2-2: Strikes out looking
|
Batting: RHB Clarence Robertson
|
0-0: Called Strike 0-1: Ball 1-1: Foul Ball, location: 2F 1-2: Strikes out swinging
|
Batting: RHB Pete Davis
|
0-0: Ball 1-0: Called Strike 1-1: Foul Ball, location: 2F 1-2: Strikes out swinging
|
Top of the 2nd over - 0 run(s), 1 hit(s), 0 error(s), 1 left on base; Colorado 0 - Salem 0 |
BOTTOM OF THE 2ND |
Salem Sledgehammers batting - Pitching for Colorado Commanders : RHP Héctor Rodríguez
|
Batting: RHB Rich Crabtree
|
0-0: Ball 1-0: Swinging Strike 1-1: Ball 2-1: Called Strike 2-2: Strikes out swinging
|
Batting: SHB Juan Hernández
|
0-0: Ball 1-0: Fly out, F8 (Flyball, 89S)
|
Batting: RHB Adam Davis
|
0-0: Foul Ball, location: 2F 0-1: Ground out 6-3 (Groundball, 6)
|
Bottom of the 2nd over - 0 run(s), 0 hit(s), 0 error(s), 0 left on base; Colorado 0 - Salem 0 |
TOP OF THE 3RD |
Colorado Commanders batting - Pitching for Salem Sledgehammers : RHP Will Robinson
|
Batting: SHB Ángel Díaz
|
0-0: Called Strike 0-1: Foul Ball, location: 2F 0-2: Ball 1-2: Ball 2-2: Strikes out looking
|
Batting: RHB Frank Martínez
|
0-0: Foul Ball, location: 2F 0-1: Ball 1-1: Fly out, F7 (Flyball, 78M)
|
Batting: RHB Félix Campos
|
0-0: Fly out, F9 (Flyball, 9S)
|
Top of the 3rd over - 0 run(s), 0 hit(s), 0 error(s), 0 left on base; Colorado 0 - Salem 0 |
BOTTOM OF THE 3RD |
Salem Sledgehammers batting - Pitching for Colorado Commanders : RHP Héctor Rodríguez
|
Batting: RHB José Vázquez
|
0-0: Foul Ball, location: 2F 0-1: Called Strike 0-2: Ball 1-2: Strikes out swinging
|
Batting: RHB José González
|
0-0: Called Strike 0-1: Swinging Strike 0-2: Strikes out looking
|
Batting: RHB Ben Simpson
|
0-0: Ball 1-0: Called Strike 1-1: Swinging Strike 1-2: Ball 2-2: Foul Ball, location: 2F 2-2: Strikes out looking
|
Bottom of the 3rd over - 0 run(s), 0 hit(s), 0 error(s), 0 left on base; Colorado 0 - Salem 0 |
TOP OF THE 4TH |
Colorado Commanders batting - Pitching for Salem Sledgehammers : RHP Will Robinson
|
Batting: RHB Alberto Soto
|
0-0: Foul Ball, location: 2F 0-1: Ball 1-1: SOLO HOME RUN (Line Drive, 78XD), Distance : 429 ft
|
Batting: RHB Carl O'Dell
|
0-0: Ball 1-0: Called Strike 1-1: Ball 2-1: Foul Ball, location: 2F 2-2: Foul Ball, location: 2F 2-2: Ball 3-2: Base on Balls
|
Batting: RHB Kyle Vélez
|
0-0: Grounds into double play, 6-4-3 (Groundball, 56)
|
Batting: RHB Nick Vogel
|
0-0: Called Strike 0-1: Called Strike 0-2: Strikes out swinging
|
Top of the 4th over - 1 run(s), 1 hit(s), 0 error(s), 0 left on base; Colorado 1 - Salem 0 |
BOTTOM OF THE 4TH |
Salem Sledgehammers batting - Pitching for Colorado Commanders : RHP Héctor Rodríguez
|
Batting: RHB Kenny Pruitt
|
0-0: Foul Ball, location: 2F 0-1: Foul Ball, location: 2F 0-2: Ball 1-2: Ball 2-2: Strikes out looking
|
Batting: LHB Walt Brown
|
0-0: Ball 1-0: DOUBLE (Line Drive, 78D)
|
Batting: RHB Donovan James
|
0-0: Ball 1-0: Called Strike 1-1: Swinging Strike 1-2: Ball 2-2: Ball 3-2: Ground out 5-3 (Groundball, 5)
|
Batting: RHB Rich Crabtree
|
0-0: Swinging Strike 0-1: Foul Ball, location: 2F 0-2: Strikes out looking
|
Bottom of the 4th over - 0 run(s), 1 hit(s), 0 error(s), 1 left on base; Colorado 1 - Salem 0 |
TOP OF THE 5TH |
Colorado Commanders batting - Pitching for Salem Sledgehammers : RHP Will Robinson
|
Batting: RHB Clarence Robertson
|
0-0: Called Strike 0-1: Ball 1-1: Called Strike 1-2: Strikes out swinging
|
Batting: RHB Pete Davis
|
0-0: Ball 1-0: Swinging Strike 1-1: Ball 2-1: Ball 3-1: Swinging Strike 3-2: Strikes out looking
|
Batting: SHB Ángel Díaz
|
0-0: Called Strike 0-1: Foul Ball, location: 2F 0-2: Ball 1-2: DOUBLE (Line Drive, 8LM)
|
Batting: RHB Frank Martínez
|
0-0: Intentional Walk
|
Batting: RHB Félix Campos
|
0-0: Ball 1-0: Swinging Strike 1-1: Ball 2-1: Ball Wild Pitch! Ángel Díaz to third Frank Martínez to second 3-1: Base on Balls
|
Batting: RHB Alberto Soto
|
0-0: Ball 1-0: Foul Ball, location: 2F 1-1: Foul Ball, location: 2F 1-2: Foul Ball, location: 2F 1-2: Ball 2-2: Strikes out swinging
|
Top of the 5th over - 0 run(s), 1 hit(s), 0 error(s), 3 left on base; Colorado 1 - Salem 0 |
BOTTOM OF THE 5TH |
Salem Sledgehammers batting - Pitching for Colorado Commanders : RHP Héctor Rodríguez
|
Batting: SHB Juan Hernández
|
0-0: Foul Ball, location: 2F 0-1: Ball 1-1: Ball 2-1: Ball 3-1: Swinging Strike 3-2: Strikes out swinging
|
Batting: RHB Adam Davis
|
0-0: Called Strike 0-1: Foul Ball, location: 2F 0-2: Strikes out swinging
|
Batting: RHB José Vázquez
|
0-0: Called Strike 0-1: Ball 1-1: Foul Ball, location: 2F 1-2: Strikes out looking
|
Bottom of the 5th over - 0 run(s), 0 hit(s), 0 error(s), 0 left on base; Colorado 1 - Salem 0 |
TOP OF THE 6TH |
Colorado Commanders batting - Pitching for Salem Sledgehammers : RHP Will Robinson
|
Pitching: LHP Greg Ferguson
|
|
Batting: RHB Carl O'Dell
|
0-0: Called Strike 0-1: Called Strike 0-2: Strikes out looking
|
Batting: RHB Kyle Vélez
|
0-0: Swinging Strike 0-1: Ball 1-1: Ball 2-1: Foul Ball, location: 2F 2-2: Strikes out swinging
|
Batting: RHB Nick Vogel
|
0-0: Called Strike 0-1: Foul Ball, location: 2F 0-2: Ball 1-2: Ball 2-2: Foul Ball, location: 2F 2-2: Ball 3-2: Fly out, F6 (Popup, 56D)
|
Top of the 6th over - 0 run(s), 0 hit(s), 0 error(s), 0 left on base; Colorado 1 - Salem 0 |
BOTTOM OF THE 6TH |
Salem Sledgehammers batting - Pitching for Colorado Commanders : RHP Héctor Rodríguez
|
Batting: RHB José González
|
0-0: Foul Ball, location: 2F 0-1: Ball 1-1: Ball 2-1: Fly out, F7 (Line Drive, 7LM)
|
Batting: RHB Ben Simpson
|
0-0: Swinging Strike 0-1: Ball 1-1: Ball 2-1: Ball 3-1: Foul Ball, location: 2F 3-2: Base on Balls
|
Batting: RHB Kenny Pruitt
|
0-0: Ball Ben Simpson is caught stealing 2nd base 1-0: Ground out 5-3 (Groundball, 56)
|
Bottom of the 6th over - 0 run(s), 0 hit(s), 0 error(s), 0 left on base; Colorado 1 - Salem 0 |
TOP OF THE 7TH |
Colorado Commanders batting - Pitching for Salem Sledgehammers : LHP Greg Ferguson
|
Batting: RHB Clarence Robertson
|
0-0: Called Strike 0-1: Ball 1-1: Ball 2-1: Called Strike 2-2: Ball 3-2: Base on Balls
|
Pinch Hitting: RHB Chris Rice
|
0-0: Ball 1-0: Ball 2-0: SINGLE (Line Drive, 6MD) Clarence Robertson to second
|
Batting: SHB Ángel Díaz
|
0-0: Ball 1-0: Foul Ball, location: 2F 1-1: Bunted foul 1-2: Ground out U3 (Groundball, 3S) Clarence Robertson to third Chris Rice to second
|
Batting: RHB Frank Martínez
|
0-0: Intentional Walk
|
Pinch Hitting: RHB Gerald Johnson
|
0-0: Foul Ball, location: 2F 0-1: Ball 1-1: Ball 2-1: Ball 3-1: Swinging Strike 3-2: Base on Balls Clarence Robertson scores Chris Rice to third Frank Martínez to second
|
Pitching: LHP António Bruno
|
|
Batting: RHB Alberto Soto
|
0-0: Fly out, F9 (Line Drive, 9LM) Runner from 3rd tags up, SCORES, throw made
|
Batting: RHB Carl O'Dell
|
0-0: Called Strike 0-1: Swinging Strike 0-2: Ball 1-2: Foul Ball, location: 2F 1-2: Ball 2-2: Foul Ball, location: 2F 2-2: Foul Ball, location: 2F 2-2: Foul Ball, location: 2F 2-2: Foul Ball, location: 2F 2-2: Foul Ball, location: 2F 2-2: Foul Ball, location: 2F 2-2: Strikes out swinging
|
Top of the 7th over - 2 run(s), 1 hit(s), 0 error(s), 2 left on base; Colorado 3 - Salem 0 |
BOTTOM OF THE 7TH |
Salem Sledgehammers batting - Pitching for Colorado Commanders : RHP Héctor Rodríguez
|
Now at 2B: Gerald Johnson
|
|
Now in LF: Roberto Rodríguez
|
|
Batting: LHB Walt Brown
|
0-0: Ball 1-0: Called Strike 1-1: Swinging Strike 1-2: Ball 2-2: Foul Ball, location: 2F 2-2: Foul Ball, location: 2F 2-2: Strikes out swinging
|
Pitching: LHP Pedro Beltrán
|
|
Batting: RHB Donovan James
|
0-0: Called Strike 0-1: Foul Ball, location: 2F 0-2: Ground out 4-3 (Groundball, 6M)
|
Batting: RHB Rich Crabtree
|
0-0: Ball 1-0: Ground out 4-3 (Groundball, 6M)
|
Bottom of the 7th over - 0 run(s), 0 hit(s), 0 error(s), 0 left on base; Colorado 3 - Salem 0 |
TOP OF THE 8TH |
Colorado Commanders batting - Pitching for Salem Sledgehammers : LHP António Bruno
|
Batting: RHB Kyle Vélez
|
0-0: Foul Ball, location: 2F 0-1: Swinging Strike 0-2: Strikes out swinging
|
Batting: RHB Nick Vogel
|
0-0: Ball 1-0: Ball 2-0: Ball 3-0: Base on Balls
|
Batting: RHB Clarence Robertson
|
0-0: Swinging Strike 0-1: Ball 1-1: Fielders Choice at 2nd, 6-4 (Groundball, 6)
|
Batting: RHB Roberto Rodríguez
|
0-0: Called Strike 0-1: Fielders Choice at 2nd, 4-6 (Groundball, 4)
|
Top of the 8th over - 0 run(s), 0 hit(s), 0 error(s), 0 left on base; Colorado 3 - Salem 0 |
BOTTOM OF THE 8TH |
Salem Sledgehammers batting - Pitching for Colorado Commanders : LHP Pedro Beltrán
|
Batting: SHB Juan Hernández
|
0-0: Called Strike 0-1: Swinging Strike 0-2: SINGLE (Groundball, 34D)
|
Pitching: RHP José Deleón
|
|
Batting: RHB Adam Davis
|
0-0: Ball 1-0: Called Strike 1-1: Ball 2-1: Foul Ball, location: 2F 2-2: Strikes out looking
|
Batting: RHB José Vázquez
|
0-0: Ball 1-0: SINGLE (Line Drive, 6MD) Juan Hernández to second
|
Batting: RHB José González
|
0-0: Ball 1-0: Called Strike 1-1: Called Strike 1-2: Strikes out swinging
|
Batting: RHB Ben Simpson
|
0-0: Called Strike 0-1: Ball 1-1: Foul Ball, location: 2F 1-2: Ball 2-2: Ball 3-2: Foul Ball, location: 2F 3-2: Foul Ball, location: 2F 3-2: Strikes out swinging
|
Bottom of the 8th over - 0 run(s), 2 hit(s), 0 error(s), 2 left on base; Colorado 3 - Salem 0 |
TOP OF THE 9TH |
Colorado Commanders batting - Pitching for Salem Sledgehammers : LHP António Bruno
|
Batting: SHB Ángel Díaz
|
0-0: Ball 1-0: Foul Ball, location: 2F 1-1: SOLO HOME RUN (Flyball, 8RXD), Distance : 437 ft
|
Batting: RHB Frank Martínez
|
0-0: Called Strike 0-1: Called Strike 0-2: Strikes out swinging
|
Batting: RHB Gerald Johnson
|
0-0: Fly out, F8 (Line Drive, 8LM)
|
Batting: RHB Alberto Soto
|
0-0: Called Strike 0-1: Fly out, F8 (Flyball, 8RM)
|
Top of the 9th over - 1 run(s), 1 hit(s), 0 error(s), 0 left on base; Colorado 4 - Salem 0 |
BOTTOM OF THE 9TH |
Salem Sledgehammers batting - Pitching for Colorado Commanders : RHP José Deleón
|
Pitching: RHP Sixto García
|
|
Batting: RHB Kenny Pruitt
|
0-0: Ball 1-0: Called Strike 1-1: SINGLE (Groundball, 4MD)
|
Batting: LHB Walt Brown
|
0-0: Foul Ball, location: 2F 0-1: Swinging Strike 0-2: Ball 1-2: Foul Ball, location: 2F 1-2: Fly out, F7 (Line Drive, 7S)
|
Batting: RHB Donovan James
|
0-0: SINGLE (Flyball, 89S) Kenny Pruitt to second Runner from 2nd tries for 3rd, SAFE, throw made to third
|
Batting: RHB Rich Crabtree
|
0-0: Ball 1-0: Swinging Strike 1-1: Ball 2-1: Swinging Strike 2-2: Strikes out swinging
|
Batting: SHB Juan Hernández
|
0-0: Ball 1-0: Fielders Choice at 2nd, U6 (Groundball, 6M)
|
Bottom of the 9th over - 0 run(s), 2 hit(s), 0 error(s), 2 left on base; Colorado 4 - Salem 0 |
|